 Dungeon Crawl Stone Soup version 0.19.1 (webtiles) character file.

513 pichaelthompson the Vandal (level 7, -5/57 HPs)
             Began as a Demonspawn Gladiator on Dec 12, 2016.
             Slain by Pikel
             ... wielding a +1 whip of flaming
              (9 damage)
             ... on level 5 of the Dungeon.
             The game lasted 00:28:27 (4858 turns).

pichaelthompson the Vandal (Demonspawn Gladiator)   Turns: 4858, Time: 00:28:29

Health: -5/57      AC:  5    Str: 16    XL:     7   Next: 0%
Magic:  0/7        EV: 13    Int: 11    God:    Xom [......]
Gold:   213        SH:  0    Dex: 15    Spells: 0 memorised, 6 levels left

rFire  . . .     SeeInvis .     E - +9 staff of Wucad Mu {channel}
rCold  . . .     Gourm    .     (no armour)
rNeg   . . .     Faith    .     (no shield)
rPois  .         Spirit   +     c - +0 helmet
rElec  .         Reflect  .     D - +1 cloak
rCorr  .         Harm     .     (no gloves)
MR     .....                    v - +1 pair of boots
Stlth  ++........               (no amulet)
                                (no ring)
                                n - ring of wizardry

@: very slightly contaminated, hasted, very quick
A: claws 2, fangs 1, blink, clever 1, nightstalker 1, robust 1, magic shield,
magic regeneration
a: Blink, Renounce Religion


You were on level 5 of the Dungeon.
You worshipped Xom.
You were a very special plaything of Xom.
You were not hungry.

You visited 1 branch of the dungeon, and saw 5 of its levels.

You collected 213 gold pieces.

Inventory:

Hand Weapons
 a - a +0 war axe
 m - a +1 hunting sling of freezing
 E - the +9 staff of Wucad Mu (weapon) {channel}
   (You found it on level 4 of the Dungeon)
Missiles
 d - 4 throwing nets (quivered)
 g - 5 steel javelins
 p - 113 stones
 x - 18 sling bullets
Armour
 c - a +0 helmet (worn)
 u - a +0 chain mail
 v - a +1 pair of boots (worn)
 D - a +1 cloak (worn)
Jewellery
 n - a ring of wizardry (left claw)
Wands
 w - a wand of paralysis (4/24)
Scrolls
 b - a scroll of fear {unknown}
 e - 2 scrolls of random uselessness {unknown}
 i - a scroll of teleportation {unknown}
 l - 2 scrolls of immolation {unknown}
 o - a scroll of recharging {unknown}
 r - 3 scrolls of remove curse
 y - a scroll of blinking {unknown}
 C - 4 scrolls of enchant armour {unknown}
 F - a scroll of noise {unknown}
 H - a scroll of amnesia {unknown}
Potions
 h - 3 potions of flight
 j - a potion of curing
 s - a potion of haste
 t - a potion of experience {unknown}
 z - 4 potions of degeneration {unknown}
 B - 2 potions of heal wounds {unknown}
 I - a potion of berserk rage {unknown}
Comestibles
 f - 2 bread rations
 k - a beef jerky
 A - 5 meat rations
 G - 4 fruits


   Skills:
 + Level 3.4 Fighting
 + Level 3.5 Axes
 * Level 0.3 Staves
 + Level 4.7(5.0) Slings
 + Level 2.0(3.6) Throwing
 + Level 1.1 Armour
 + Level 3.3 Dodging
 + Level 0.2 Stealth


You had 6 spell levels left.
You didn't know any spells.

Dungeon Overview and Level Annotations

Branches:
Dungeon (5/15)
 Temple: D:4-7

Altars:
Elyvilon
Kikubaaqudgha
Nemelex Xobeh
Sif Muna
Trog
Xom
Yredelemnul
The Shining One

Shops:
D:5 :

Annotations:
D:5 Pikel


Innate Abilities, Weirdness & Mutations

You have very sharp fingernails.
You are slightly more attuned to the shadows.
When hurt, damage is shared between your health and your magic reserves.
You regenerate magic rapidly.
You have very sharp teeth.
You can translocate small distances at will.
Your mind is acute. (Int +2)
You are robust. (+10% HP)


Message History

Pikel closely misses you.
You feel better. The slave hits you.
* * * LOW HITPOINT WARNING * * *
The slave closely misses you. Pikel hits you but does no damage.
You feel yourself speed up. The slave closely misses you. The slave hits you.
* * * LOW HITPOINT WARNING * * *
Pikel hits you with a whip of flaming.
* * * LOW HITPOINT WARNING * * *
Pikel burns you.
* * * LOW HITPOINT WARNING * * *
You are very lightly contaminated with residual magic.
A slave comes into view.
You barely miss Pikel.
Pikel is moderately wounded.
The slave shouts!
The slave hits you.
* * * LOW HITPOINT WARNING * * *
The slave closely misses you. Pikel hits you with a whip of flaming!
You die...
Xom snickers!

## .. ## #. .#
#.#+###.#
#pK@....#
#.pp....#.#
##......#.##
+..........
#......#.#.
#######
.....#'#.#.#.
......#
#######.......
.....>#
#####....#.####
......#
##..........#


You could see Pikel and 3 slaves.

Vanquished Creatures
  A scorpion (D:4)
  A hound (D:5)
  A bullfrog skeleton (D:5)
  An orc priest (D:4)
  Natasha (thrice) (D:3)
  Terence (D:2)
  An iguana (D:4)
  2 worker ants
  A hound skeleton (D:4)
  Robin (D:4)
  6 adders
  3 oozes
  An adder skeleton (D:4)
  2 worms (D:4)
  2 dart slugs
  5 leopard geckos
  8 orcs
  A ball python (D:1)
  3 giant cockroaches
  13 goblins
  3 hobgoblins
  7 jackals
  2 quokkas
  8 bats
  4 frilled lizards
  3 kobolds
  9 rats
93 creatures vanquished.

Notes
Turn   | Place    | Note
-------+----------+-------------------------------------------
     0 | D:1      | pichaelthompson the Demonspawn Gladiator began the quest for the Orb.
     0 | D:1      | Reached XP level 1. HP: 16/16 MP: 1/1
     0 | D:1      | Noticed a tentacled monstrosity
     0 | D:1      | Noticed a green draconian
     5 | D:1      | Noticed an iron dragon
     5 | D:1      | Noticed a tentacled monstrosity
     8 | D:1      | Noticed an ice dragon
     9 | D:1      | Noticed an ice dragon
    10 | D:1      | Noticed a large abomination
    12 | D:1      | Noticed a large abomination
    12 | D:1      | Noticed a shadow dragon
    14 | D:1      | Noticed an orb of fire
    14 | D:1      | Noticed a shadow dragon
    15 | D:1      | Noticed a red draconian
    17 | D:1      | Noticed a tentacled monstrosity
    17 | D:1      | Noticed a purple draconian
   179 | D:1      | Gained mutation: You are slightly more attuned to the shadows. [demonic ancestry]
   179 | D:1      | Reached XP level 2. HP: 20/22 MP: 2/2
   208 | D:1      | Found a sparkling altar of Nemelex Xobeh.
   896 | D:1      | Gained mutation: You have sharp fingernails. [demonic ancestry]
   896 | D:1      | Reached XP level 3. HP: 27/27 MP: 3/3
  1412 | D:2      | Found an ancient bone altar of Kikubaaqudgha.
  1412 | D:2      | Found a glowing golden altar of the Shining One.
  1564 | D:2      | Found a basalt altar of Yredelemnul.
  1993 | D:2      | Noticed Terence
  2003 | D:2      | Killed Terence
  2003 | D:2      | Reached skill level 1 in Slings
  2003 | D:2      | Reached XP level 4. HP: 15/34 MP: 4/4
  2045 | D:2      | Found a deep blue altar of Sif Muna.
  2210 | D:3      | Found a shimmering altar of Xom.
  2234 | D:3      | Became a worshipper of Xom of Chaos
  2320 | D:3      | Noticed Natasha
  2326 | D:3      | XOM: potion effect (agility)
  2329 | D:3      | Killed Natasha
  2329 | D:3      | Reached skill level 2 in Slings
  2473 | D:3      | XOM: silly message
  2590 | D:3      | XOM: silly message
  2594 | D:3      | Reached skill level 1 in Armour
  2594 | D:3      | Gained mutation: When hurt, damage is shared between your health and your magic reserves. [demonic ancestry]
  2594 | D:3      | Reached XP level 5. HP: 38/39 MP: 5/5
  2595 | D:3      | Noticed Natasha
  2597 | D:3      | XOM: potion effect (agility)
  2600 | D:3      | Killed Natasha
  2617 | D:3      | Noticed Natasha
  2628 | D:3      | Killed Natasha
  2628 | D:3      | Reached skill level 3 in Slings
  2633 | D:3      | XOM: harmless Ice miscast
  2711 | D:3      | XOM: silly message
  2807 | D:3      | XOM: silly message
  2827 | D:3      | XOM: silly message
  2850 | D:3      | XOM: silly message
  3086 | D:3      | You fall through a shaft!
  3095 | D:4      | XOM: harmless Hex miscast
  3109 | D:4      | Gained mutation: You regenerate magic rapidly. [demonic ancestry]
  3109 | D:4      | Reached XP level 6. HP: 39/46 MP: 4/6
  3211 | D:4      | XOM: god gift: 3 meat rations
  3252 | D:4      | Reached skill level 4 in Slings
  3265 | D:4      | XOM: god gift: 14 arrows
  3282 | D:4      | Found a white marble altar of Elyvilon.
  3334 | D:4      | Noticed Robin
  3345 | D:4      | Killed Robin
  3886 | D:4      | XOM: divination: detect creatures
  4557 | D:4      | Found a bloodstained altar of Trog.
  4662 | D:4      | XOM: give mutations
  4662 | D:4      | Gained mutation: You are robust. (+10% HP) [Xom's grace]
  4662 | D:4      | Gained mutation: Your mind is acute. (Int +2) [Xom's grace]
  4662 | D:4      | Gained mutation: You can translocate small distances at will. [Xom's grace]
  4662 | D:4      | Gained mutation: You have very sharp teeth. [Xom's grace]
  4663 | D:4      | XOM: scenery: create altars
  4730 | D:5      | Entered Level 5 of the Dungeon
  4802 | D:5      | Gained mutation: You have very sharp fingernails. [demonic ancestry]
  4802 | D:5      | Reached XP level 7. HP: 55/57 MP: 7/7
  4820 | D:5      | Found Kudali's Book Shoppe.
  4842 | D:5      | Noticed Pikel
  4858 | D:5      | Slain by Pikel

Skill      XL: |  1  2  3  4  5  6 |
---------------+-------------------+-----
Axes           | 3 |  3.5
Throwing       | 2 |  2.0
Dodging        | 3 |  3.3
Slings         | 1 2 3 4 |  4.7
Armour         | 1 |  1.1
Fighting       | 3 |  3.4
Staves         | |  0.3
Stealth        | |  0.2

Action                   |  1- 3 |  4- 6 |  7- 9 || total
-------------------------+-------+-------+-------++-------
Melee: War axe           |    50 |       |       ||    50
       Staff             |       |    31 |    11 ||    42
       Bite              |       |     1 |       ||     1
 Fire: Hunting sling     |    59 |   162 |       ||   221
  Use: Scroll            |       |     4 |       ||     4
       Potion            |       |       |     2 ||     2
 Stab: Sleeping          |       |     1 |       ||     1
  Eat: Chunk             |     3 |     8 |       ||    11
       Beef jerky        |       |     1 |       ||     1
Armor: Leather armour    |    45 |     1 |       ||    46
       Chain mail        |       |    46 |       ||    46
       Skin              |       |    17 |     6 ||    23
Dodge: Dodged            |    80 |    79 |    20 ||   179
